 Dungeon Crawl Stone Soup version 0.17.1-2-g5865329 (webtiles) character file.

3409 Beholder179 the Protected (level 10, -27/82 HPs)
             Began as a Human Wanderer on Jan 20, 2016.
             Was an Initiate of Ru.
             Killed from afar by a wretched star (34 damage)
             ... with an orb of energy
             ... on level 2 of the Abyss.
             The game lasted 01:08:58 (9331 turns).

Beholder179 the Protected (Human Wanderer)          Turns: 9331, Time: 01:08:58

Health: -27/82     AC: 17    Str: 13    XL:     10   Next: 24%
Magic:  24/24      EV:  5    Int: 12    God:    Ru [......]
Gold:   297        SH:  0    Dex: 15    Spells: 2 memorised, 14 levels left

rFire  . . .     SeeInvis +     a - +1 short sword (flame)
rCold  + . .     Clarity  .     w - +0 plate armour
rNeg   . . .     SustAt   .     (no shield)
rPois  .         Gourm    .     (no helmet)
rElec  .         Spirit   .     C - +0 cloak
rCorr  .         Warding  .     m - +0 pair of gloves
rMut   .         Stasis   .     (no boots)
MR     .....                    (no amulet)
Stlth  ..........               h - ring "Jeesuryahe" {rC+ MP+9 Str+3}
                                z - ring of see invisible

@: not resistant to hostile enchantments, extremely unstealthy
A: dopey 1, low mp 1, weak 1, subdued magic 1
a: Renounce Religion


You were on level 2 of the Abyss.
You worshipped Ru.
Ru was noncommittal.
You were not hungry.

You visited 2 branches of the dungeon, and saw 10 of its levels.
You visited the Abyss 1 time.

You collected 297 gold pieces.

Inventory:

Hand Weapons
 a - a +1 short sword of flaming (weapon)
 b - a +4 hand crossbow
Missiles
 e - 49 bolts
 q - 8 needles of paralysis
 B - 10 poisoned needles
 G - 9 poisoned tomahawks (quivered)
 M - 2 tomahawks
Armour
 m - a +0 pair of gloves (worn)
 w - a +0 plate armour (worn)
 C - a +0 cloak (worn)
Jewellery
 h - the ring "Jeesuryahe" (right hand) {rC+ MP+9 Str+3}
   (You found it on level 5 of the Dungeon)

   [ring of magical power]

   It affects your strength (+3).
   It protects you from cold.
   It affects your magic capacity (+9).
 n - an uncursed ring of positive energy
 p - an uncursed ring of flight
 v - a +1 ring of evasion
 z - a ring of see invisible (left hand)
 E - a +3 ring of intelligence
Wands
 d - a wand of random effects (27)
 t - a wand of polymorph (5)
 I - a wand of flame (0)
 N - a wand of disintegration (11)
Scrolls
 c - 2 scrolls of magic mapping {unknown}
 k - 7 scrolls of remove curse
 l - 3 scrolls of teleportation
 o - a scroll of enchant weapon {unknown}
 s - 2 scrolls of amnesia {unknown}
 u - a scroll of fear {unknown}
 y - 2 scrolls of immolation {unknown}
 A - 2 scrolls of enchant armour {unknown}
 F - a scroll of recharging {unknown}
 L - a scroll of noise {unknown}
 P - a scroll of blinking {unknown}
 Q - a scroll of fog {unknown}
Potions
 i - a potion of brilliance {unknown}
 j - 5 potions of curing
 J - a potion of haste {unknown}
 K - a potion of resistance {unknown}
 O - a potion of ambrosia {unknown}
Books
 D - a book of the Earth

   Spells                             Type                      Level
   a - Leda's Liquefaction            Hexes/Earth                  4
   b - Bolt of Magma                  Conjuration/Fire/Earth       5
   c - Statue Form                    Transmutation/Earth          6
   d - Iron Shot                      Conjuration/Earth            6
   e - Shatter                        Earth                        9
 H - a book of Minor Magic

   Spells                             Type                      Level
   a - Magic Dart                     Conjuration                  1
   b - Blink                          Translocation                2
   c - Call Imp                       Summoning                    2
   d - Repel Missiles                 Charms/Air                   2
   e - Slow                           Hexes                        2
   f - Conjure Flame                  Conjuration/Fire             3
   g - Mephitic Cloud                 Conjuration/Poison/Air       3
Comestibles
 f - 7 bread rations
 g - 4 fruits
 r - 4 beef jerkies


   Skills:
 * Level 8.4 Fighting
 - Level 1.0 Crossbows
 - Level 1.0 Throwing
 + Level 10.9 Armour
 - Level 1.0 Stealth
 * Level 4.6 Spellcasting


You had 14 spell levels left.
You knew the following spells:

 Your Spells              Type           Power        Failure   Level  Hunger
a - Repel Missiles        Chrm/Air       #.....       100%        2    ##.....
b - Blink                 Tloc           N/A          100%        2    ##.....


Dungeon Overview and Level Annotations

Branches:
Dungeon (9/15)             Temple (1/1) D:6
   Lair: D:8-11         Orc: D:9-12

Altars:
Ashenzari
Cheibriados
Dithmenos
Elyvilon
Fedhas
Gozag
Kikubaaqudgha
Makhleb
Nemelex Xobeh
Okawaru
Qazlal
Ru
Sif Muna
Trog
Vehumet
Xom
Yredelemnul
Zin
The Shining One

Annotations:
D:8 bezdread's ghost, novice HOFi
D:9 Psyche


Innate Abilities, Weirdness & Mutations

[You are dopey. (Int -2)]
[Your magical capacity is low (-10% MP).]
[You are weak. (Str -2)]
[Your spells are a little easier to cast, but a little less powerful.]


Message History

The raiju bursts into living lightning!
The living lightning hits you!
The living lightning hits the raiju.
The raiju completely resists.
The raiju blinks!
You are suddenly pulled into a different region of the Abyss!
Found a corrupted altar of Lugonu.
You start resting.
A wretched star appears in a shower of sparks.
Press: ? - help, v - describe, . - travel
Here: a wretched star (translocational energy, hasn't noticed you)
The floor.
The wretched star glows turbulently.
The orb of energy hits you!
* * * LOW HITPOINT WARNING * * *
Okay, then.
The wretched star pulses with an eldritch light!
Your connection to magic feels subdued.
You feel stupid.
You feel weaker.
You feel less energetic.
The wretched star glows turbulently.
The orb of energy hits you!
You die...

##. .. ...# ##.
...##.. #...#.
#...#.### #
..#.#..# .
#.....# ..# # .
#@#..# #.#.##
#....### ....#.
.
##.#...##.##..#
#. ###.#*#.. .#.
..# #.#.#.##.##
...#
#...##*.##.##.#.
##....##.#.##..
##.#....#.... #
.≈..#....#...##


You could see a wretched star.

Vanquished Creatures
  The ghost of Faustar the Nimble, a novice MiBe of Trog (D:6)
  The ghost of Glider the Martial Artist, a novice OpMo of Cheibriados (D:7)
  A deep elf mage (D:9)
  2 necrophages
  An orc warrior (D:8)
  An ice beast (D:5)
  4 ogres
  A big kobold (D:3)
  2 giant frogs
  A gnoll sergeant (D:8)
  A wyvern skeleton (D:6)
  4 scorpions
  5 wights
  2 hounds (D:6)
  A quasit (D:3)
  2 giant frog zombies
  2 jellies
  3 orc priests
  7 orc wizards
  A giant frog skeleton (D:6)
  3 worker ants
  A hound skeleton (D:7)
  A worker ant zombie (D:5)
  11 gnolls
  11 adders
  An ufetubus (Abyss:1)
  2 oozes
  2 adder zombies
  2 worms
  An adder skeleton (D:5)
  8 giant geckos
  22 orcs
  A ball python (D:3)
  3 giant cockroaches
  7 hobgoblins
  12 jackals
  5 bats
  2 giant gecko skeletons
  A giant gecko zombie (D:5)
  4 giant newts
  3 goblins
  10 kobolds
  2 quokkas
  5 rats
163 creatures vanquished.

Notes
Turn   | Place    | Note
--------------------------------------------------------------
     0 | D:1      | Beholder179 the Human Wanderer began the quest for the Orb.
     0 | D:1      | Beholder179 set off with: a +2 dagger, a potion of heal wounds, a +0 ring mail, a +0 hand crossbow, 25 bolts, a bread ration
     0 | D:1      | Reached XP level 1. HP: 19/19 MP: 1/1
   210 | D:1      | Reached XP level 2. HP: 25/25 MP: 2/2
   639 | D:2      | Reached XP level 3. HP: 32/32 MP: 3/3
   826 | D:2      | Reached skill level 5 in Fighting
   826 | D:2      | Reached XP level 4. HP: 16/39 MP: 4/4
  1463 | D:3      | Reached XP level 5. HP: 42/44 MP: 5/5
  1465 | D:3      | Noticed a big kobold
  1470 | D:3      | Killed a big kobold
  1889 | D:3      | Reached XP level 6. HP: 41/52 MP: 6/6
  2539 | D:3      | Found a burning altar of Makhleb.
  2656 | D:4      | Reached skill level 6 in Fighting
  2667 | D:4      | Reached skill level 5 in Armour
  3110 | D:4      | Learned a level 2 spell: Repel Missiles
  3113 | D:4      | Learned a level 2 spell: Blink
  3417 | D:4      | Reached XP level 7. HP: 49/58 MP: 7/7
  3643 | D:5      | Entered Level 5 of the Dungeon
  3759 | D:5      | Reached skill level 1 in Spellcasting
  4029 | D:5      | Found a glowing golden altar of the Shining One.
  4209 | D:5      | Got an ancient ivory ring
  4211 | D:5      | Identified the ring "Jeesuryahe" {rC+ MP+9 Str+3} (You found it on level 5 of the Dungeon)
  4522 | D:5      | Reached XP level 8. HP: 57/65 MP: 10/10
  4758 | D:5      | Reached skill level 7 in Armour
  4827 | D:6      | Found a staircase to the Ecumenical Temple.
  4836 | D:6      | Noticed Faustar's ghost (novice MiBe)
  5874 | D:5      | Reached skill level 8 in Armour
  6136 | D:7      | Reached XP level 9. HP: 51/72 MP: 13/13
  6274 | D:7      | Noticed Glider's ghost (novice OpMo)
  6298 | D:7      | Killed Glider's ghost
  6298 | D:7      | Reached skill level 9 in Armour
  7081 | D:6      | Killed Faustar's ghost
  7597 | Temple   | Entered the Ecumenical Temple
  7695 | Temple   | Became a worshipper of Ru the Awakened
  7723 | D:6      | Reached skill level 10 in Armour
  7874 | D:8      | Noticed bezdread's ghost (novice HOFi)
  8191 | D:8      | Reached XP level 10. HP: 80/80 MP: 16/16
  9009 | D:9      | Noticed Psyche
  9015 | D:9      | Cast into the Abyss (Psyche)
  9172 | Abyss:1  | Noticed a lich
  9177 | Abyss:1  | Noticed a sixfirhy
  9254 | Abyss:1  | Noticed an apocalypse crab
  9303 | Abyss:2  | Found a corrupted altar of Lugonu.
  9307 | Abyss:2  | Noticed a wretched star
  9311 | Abyss:2  | HP: 2/82 [wretched star/orb of energy (27)]
  9331 | Abyss:2  | Killed from afar by a wretched star

Action                   |  1- 3 |  4- 6 |  7- 9 | 10-12 || total
-------------------------+-------+-------+-------+-------++-------
Melee: Dagger            |    63 |   267 |    33 |       ||   363
       Short sword       |       |       |   307 |    96 ||   403
 Fire: Hand crossbow     |     5 |     8 |    40 |    24 ||    77
Throw: Tomahawk          |       |     2 |     3 |     3 ||     8
       Throwing net      |       |       |       |     1 ||     1
Evoke: Wand              |       |       |    20 |       ||    20
  Use: Scroll            |       |     2 |     4 |     3 ||     9
       Potion            |       |       |     5 |     1 ||     6
  Eat: Chunk             |       |     7 |     2 |       ||     9
       Pizza             |       |     1 |       |       ||     1
       Meat ration       |       |       |     3 |       ||     3
       Bread ration      |       |       |       |     1 ||     1
